 Dungeon Crawl Stone Soup version 0.30-a0-368-g86fb4627a9 (webtiles) character file.

Game seed: 2613354156554256021

8032 funkygono the Thaumaturge (level 11, -14/72 HPs)
             Began as a Demonspawn Fire Elementalist on Nov 18, 2022.
             Demolished by Snorg (17 damage)
             ... on level 10 of the Dungeon.
             The game lasted 00:25:06 (11612 turns).

funkygono the Thaumaturge (DsFE)                   Turns: 11612, Time: 00:25:07

Health: -14/72     AC: 18    Str:  9    XL:     11   Next: 4%
Magic:  0/25       EV: 13    Int: 20    God:
Gold:   717        SH:  4    Dex: 14    Spells: 20/31 levels left

rFire   . . .      SeeInvis .    q - +3 flail (protect)
rCold   . . .      Faith    .    (no shield)
rNeg    . . .      Spirit   +    b - +0 steam dragon scales
rPois   +          Reflect  .    (no helmet)
rElec   .          Harm     .    j - +2 cloak
rCorr   .          Rampage  .    z - +0 pair of gloves
Will    .....                    C - +0 pair of boots
Stlth   ++........               (no amulet)
HPRegen 0.32/turn                f - +4 ring of protection
MPRegen 0.38/turn                p - ring of poison resistance

@: no status effects
A: hooves 1, slimy green scales 2, magic shield, magic regeneration,
condensation shield
a: no special abilities


You were on level 10 of the Dungeon.
You visited 2 branches of the dungeon, and saw 11 of its levels.
You also visited: Ossuary.

You collected 717 gold pieces.

Inventory:

Hand Weapons
 d - a +0 short sword
 g - a +0 whip
 q - a +3 flail of protection (weapon)
 s - the +2 hammer of Embarrassment {antimagic, Int+3 Dex+5}
   (You found it on level 7 of the Dungeon)

   It reduces the magical energy of the wielder, and disrupts the spells and
   magical abilities of those it strikes.
   Natural abilities and divine invocations are not affected.
   Int:       It affects your intelligence (+3).
   Dex:       It affects your dexterity (+5).
 x - a +4 quarterstaff of chaos
 D - a +4 mace
Armour
 a - a +0 robe
 b - +0 steam dragon scales (worn)
 j - a +2 cloak (worn)
 r - a +1 leather armour of cold resistance
 z - a +0 pair of gloves (worn)
 C - a +0 pair of boots (worn)
Jewellery
 f - a +4 ring of protection (left hand)
 p - a ring of poison resistance (right hand)
 u - a ring of protection from cold
Wands
 w - a wand of paralysis (7)
 y - a wand of acid (9)
 B - a wand of flame (21)
 F - a wand of iceblast (9)
Scrolls
 m - 4 scrolls of teleportation
 v - 4 scrolls of amnesia
 E - a scroll of poison
 H - a scroll of magic mapping
 I - a scroll of identify
Potions
 c - 9 potions of brilliance
 e - a potion of lignification
 h - a potion of curing
 i - 2 potions of berserk rage
 k - 2 potions of heal wounds
 l - 3 potions of ambrosia
 n - 2 potions of flight
 o - 3 potions of mutation
 t - a potion of attraction {unknown}
 A - 2 potions of invisibility
 G - a potion of haste {unknown}
 J - a potion of might {unknown}


   Skills:
 + Level 2.2 Fighting
 + Level 1.7 Maces & Flails
 + Level 3.1 Armour
 + Level 3.2 Dodging
 - Level 1.7 Stealth
 + Level 1.5 Shields
 + Level 10.6 Spellcasting
 + Level 6.3 Conjurations
 + Level 8.9 Fire Magic
 + Level 0.9 Evocations


You had 20 spell levels left.
You knew the following spells:

 Your Spells              Type           Power      Damage    Failure   Level
a - Foxfire               Conj/Fire      100%       2x1d9     1%          1
b - Scorch                Fire           92%        2d9       1%          2
c - Kindle Blastsparks    Fire/Tloc/Air  44%        2d13      6%          3
d - Flame Wave            Conj/Fire      41%        2d11      2%          4
e - Shock                 Conj/Air       92%        1d8       1%          1

Your spell library contained the following spells:

 Spells                   Type           Power      Damage    Failure   Level
 Static Discharge         Conj/Air       46%        2-4/arc   2%          2
 Inner Flame              Hex/Fire       28%        N/A       3%          3
 Beastly Appendage        Tmut           20%        N/A       6%          1
 Necrotise                Necr           40%        1d6       6%          1
 Wereblood                Tmut           10%        N/A       10%         2
 Spider Form              Tmut/Pois      10%        N/A       19%         3
 Swiftness                Air            10%        N/A       19%         3
 Vampiric Draining        Necr           10%        2d6       19%         3
 Vhi's Electric Charge    Tloc/Air       20%        N/A       19%         3
 Arcjolt                  Conj/Air       11%        1d21      43%         5
 Lightning Bolt           Conj/Air       11%        1d24      43%         5
 Airstrike                Air            5%         2d(1-17)  54%         4
 Agony                    Necr           10%        N/A       87%         5


Dungeon Overview and Level Annotations

Branches:
Dungeon (10/15)            Temple (1/1) D:6         Ossuary (visited)
   Lair: D:8-11         Orc: D:9-12

Altars:
Ashenzari
Cheibriados
Dithmenos
Fedhas
Gozag
Hepliaklqana
Kikubaaqudgha
Makhleb
Nemelex Xobeh
Okawaru
Qazlal
Ru
Sif Muna
Trog
Uskayaw
Vehumet
Wu Jian
Xom
Yredelemnul

Shops:
D:5 *

Annotations:
D:8 exclusion: orange crystal statue
D:10 Snorg


Innate Abilities, Weirdness & Mutations

You have large cloven feet.
You are mostly covered in slimy green scales. (AC +3)
When hurt, damage is shared between your health and your magic reserves.
You regenerate magic rapidly.
A meltable shield of frost defends you. (SH +4)


Message History

Snorg is lightly wounded.
Snorg bites you! You block Snorg's attack. Snorg claws you but does no damage.
Casting: Scorch (safe; 1% risk of failure)
Confirm with . or Enter, or press ? or * to list all spells.
Flames lash Snorg.
Snorg is burned terribly!
Snorg is moderately wounded.
Snorg closely misses you. Snorg barely misses you. Snorg claws you!
Snorg bites you but does no damage. Snorg closely misses you. Snorg claws you!
Unknown command.
Casting: Scorch (safe; 1% risk of failure)
Confirm with . or Enter, or press ? or * to list all spells.
Flames lash Snorg.
Snorg is burned terribly!
Snorg is moderately wounded.
Snorg closely misses you. Snorg completely misses you. x2
Unknown command.
Casting: Scorch (safe; 1% risk of failure)
Confirm with . or Enter, or press ? or * to list all spells.
Flames lash Snorg.
Snorg is burned terribly!
Snorg is heavily wounded.
Snorg closely misses you. Snorg claws you but does no damage. x2
Snorg bites you!! Snorg claws you.
* * * LOW HITPOINT WARNING * * *
Snorg barely misses you.
Casting: Scorch (safe; 1% risk of failure)
Confirm with . or Enter, or press ? or * to list all spells.
Flames lash Snorg.
Snorg is burned terribly!
Snorg is heavily wounded.
Snorg bites you.
* * * LOW HITPOINT WARNING * * *
Snorg closely misses you. You block Snorg's attack.
Casting: Scorch (safe; 1% risk of failure)
Confirm with . or Enter, or press ? or * to list all spells.
Flames lash Snorg.
Snorg is burned terribly!
Snorg is severely wounded.
Snorg bites you!
* * * LOW HITPOINT WARNING * * *
Snorg misses you. Snorg claws you.
* * * LOW HITPOINT WARNING * * *
Snorg bites you!
You die...

#+# #.# #.# ##.##
##...##### #........#
##.......# ##.###@.###
.######.#.T........
..........#..######
.######.###..# #......#
#......# ###########
########.###### #...<.....#
#........##### #.#######[#
#####.######.#...####.#####
#.#


You could see Snorg (berserk, combustible).

Vanquished Creatures
  A two-headed ogre (D:9)
  Urug (D:10)
  2 unseen horrors
  2 trolls
  2 hornets (D:9)
  A shadow (D:9)
  7 yaks
  A wyvern (D:10)
  3 steam dragons
  An acid dragon (D:10)
  3 water moccasins
  Duvessa (D:7)
  2 orc warriors
  A black bear (D:7)
  2 sky beasts
  An ogre (D:6)
  2 centaurs
  2 phantoms (D:7)
  Blork the orc (D:6)
  2 bullfrogs (D:6)
  A necrophage (D:6)
  2 scorpions (D:5)
  3 wights (D:9)
  Dowan (D:7)
  An electric eel (D:7)
  4 killer bees (D:9)
  5 howler monkeys
  3 lava snakes (D:8)
  7 hounds
  3 jellies
  6 orc priests
  Crazy Yiuf (D:7)
  A gnoll bouda (D:4)
  6 iguanas
  10 orc wizards
  9 mummies
  4 gnolls (D:4)
  10 adders
  A shadow imp (D:5)
  A white imp (D:7)
  An ufetubus (D:4)
  2 worms
  2 dart slugs (D:3)
  34 orcs
  7 ball pythons
  5 endoplasms
  2 giant cockroaches
  7 goblins
  6 hobgoblins
  2 jackals (D:4)
  3 quokkas
  4 bats (D:1)
  3 frilled lizards
  A goblin zombie (D:4)
  A hobgoblin zombie (Ossuary)
  9 kobolds
  4 kobold zombies (Ossuary)
  4 orc zombies
  6 rats
220 creatures vanquished.

Vanquished Creatures (collateral kills)
  A foxfire (D:2)
1 creature vanquished.

Vanquished Creatures (others)
  A necrophage (D:8)
  774 foxfires
  A plant (D:2)
  4 toadstools (D:1)
780 creatures vanquished.

Grand Total: 1001 creatures vanquished

Notes
Turn   | Place    | Note
-------+----------+-------------------------------------------
     0 | D:1      | funkygono the Demonspawn Fire Elementalist began the quest
                  | for the Orb.
     0 | D:1      | Reached XP level 1. HP: 13/13 MP: 3/3
   333 | D:1      | Gained mutation: You have large cloven feet. [demonic
                  | ancestry]
   333 | D:1      | Reached XP level 2. HP: 6/19 MP: 0/5
   336 | D:1      | Learned a level 2 spell: Scorch
  1061 | D:2      | Reached XP level 3. HP: 24/24 MP: 1/6
  1771 | D:2      | Reached XP level 4. HP: 30/30 MP: 3/8
  2143 | D:3      | Reached skill level 3 in Spellcasting
  2278 | D:3      | Found a faded altar of an unknown god.
  2812 | D:3      | Learned a level 3 spell: Kindle Blastsparks
  3114 | D:4      | Found a sand-covered staircase.
  3185 | Ossuary  | Entered an ossuary
  3206 | Ossuary  | Reached XP level 5. HP: 35/35 MP: 4/10
  3679 | Ossuary  | Learned a level 4 spell: Flame Wave
  4043 | D:4      | Reached skill level 4 in Spellcasting
  4043 | D:4      | Gained mutation: A meltable shield of frost defends you.
                  | (SH +4) [demonic ancestry]
  4043 | D:4      | Reached XP level 6. HP: 41/41 MP: 5/12
  4843 | D:5      | Entered Level 5 of the Dungeon
  5018 | D:5      | Gained mutation: You regenerate magic rapidly. [demonic
                  | ancestry]
  5018 | D:5      | Reached XP level 7. HP: 34/46 MP: 1/13
  5126 | D:5      | Reached skill level 1 in Armour
  5171 | D:5      | Reached skill level 5 in Spellcasting
  5627 | D:5      | Reached skill level 5 in Fire Magic
  5863 | D:5      | Found Vybuchuc's Fire Supplies.
  6412 | D:6      | Gained mutation: When hurt, damage is shared between your
                  | health and your magic reserves. [demonic ancestry]
  6412 | D:6      | Reached XP level 8. HP: 52/53 MP: 7/16
  6521 | D:6      | Reached skill level 6 in Spellcasting
  6576 | D:6      | You fall into a shaft and drop 1 floor!
  6715 | D:6      | Reached skill level 7 in Spellcasting
  7011 | D:6      | Found a staircase to the Ecumenical Temple.
  7018 | Temple   | Entered the Ecumenical Temple
  7291 | D:6      | Noticed Blork the orc
  7294 | D:6      | Killed Blork the orc
  7454 | D:7      | Gained mutation: You are partially covered in slimy green
                  | scales. (AC +2) [demonic ancestry]
  7454 | D:7      | Reached XP level 9. HP: 58/58 MP: 13/20
  7542 | D:7      | Found a runed translucent door.
  7542 | D:7      | Identified the +2 hammer of Embarrassment {antimagic, Int+3
                  | Dex+5}
  7544 | D:7      | Noticed Crazy Yiuf
  7578 | D:7      | Noticed Duvessa
  7578 | D:7      | Noticed Dowan
  7582 | D:7      | Killed Dowan
  7588 | D:7      | Killed Duvessa
  7759 | D:7      | Found a hide-covered altar of Uskayaw.
  7828 | D:7      | Reached skill level 5 in Conjurations
  7945 | D:7      | Reached skill level 8 in Spellcasting
  8339 | D:7      | Killed Crazy Yiuf
  8454 | D:8      | Killed an unseen horror
  8563 | D:8      | Found a shimmering altar of Xom.
  8563 | D:8      | Found a stormy altar of Qazlal.
  8594 | D:8      | Reached skill level 1 in Fighting
  8760 | D:8      | Learned a level 1 spell: Shock
  8869 | D:8      | Noticed an orange crystal statue
  9359 | D:8      | Reached skill level 1 in Maces & Flails
  9359 | D:8      | Reached skill level 1 in Shields
  9921 | D:9      | Found a snail-covered altar of Cheibriados.
 10003 | D:9      | Reached XP level 10. HP: 67/67 MP: 17/22
 10015 | D:9      | Reached skill level 9 in Spellcasting
 10048 | D:9      | Noticed a two-headed ogre
 10056 | D:9      | Killed a two-headed ogre
 10305 | D:9      | Found an iron altar of Okawaru.
 10373 | D:9      | Found a sparkling altar of Nemelex Xobeh.
 10627 | D:9      | Reached skill level 10 in Spellcasting
 10685 | D:9      | Found a burning altar of Makhleb.
 10685 | D:9      | Noticed a balrug
 10912 | D:10     | Entered Level 10 of the Dungeon
 11260 | D:10     | Noticed Urug
 11270 | D:10     | Killed Urug
 11328 | D:10     | Gained mutation: You are mostly covered in slimy green
                  | scales. (AC +3) [demonic ancestry]
 11328 | D:10     | Reached XP level 11. HP: 40/72 MP: 9/25
 11604 | D:10     | Noticed Snorg
 11612 | D:10     | HP: 3/72 [Snorg (4)]
 11612 | D:10     | Demolished by Snorg

Illustrated notes

Levels and vault maps discovered:
D:1:      ldierk_walled_garden_2, layout_loops_ring
D:2:      kennysheep_big_flooded_room, layout_rooms, serial_bayou_crossing
D:3:      layout_loops_ring, chequers_ecumenical_altar_simple_redux
D:4:      layout_basic, nicolae_ossuary_entry_giza
D:5:      layout_cave_pods, nicolae_shop_fire_sale [nicolae_sub_dead_trees],
          nicolae_figureground_sparkle
D:6:      layout_basic, minmay_temple_entry_sparse_star, uniq_blork_the_orc
D:7:      layout_gridville, marbit_many_paths, kennysheep_big_empty_room,
          uniq_crazy_yiuf_cottage, uniq_duvessa
D:8:      layout_loops_cross, jmf_multi_god_temple, disabler_island
D:9:      layout_roguey, makhleb_altar_promises_db, kennysheep_mini_moat,
          okawaru_ov_weapons_minmay, mainiacjoe_overflow_catwalk,
          cheibriados_altar_1, minivault_19
D:10:     layout_loops_corners, hangedman_abyss_or_decor_stagger, uniq_psyche,
          uniq_urug, uniq_snorg
Temple:   zaba_magenta_temple

Skill      XL: |  1  2  3  4  5  6  7  8  9 10 |
---------------+-------------------------------+-----
Fire Magic     | 3 4 5 6 7 8 |  8.9
Dodging        | 2 3 |  3.2
Spellcasting   | 3 4 5 7 8 10 | 10.6
Conjurations   | 2 3 4 5 6 |  6.3
Armour         | 2 3 |  3.1
Fighting       | 2 |  2.2
Maces & Flails | 1 |  1.7
Shields        | 1 |  1.5
Stealth        | |  1.7
Evocations     | |  0.9

Action                   |  1- 3 |  4- 6 |  7- 9 | 10-12 || total
-------------------------+-------+-------+-------+-------++-------
Melee: Short sword       |     3 |       |       |       ||     3
       Whip              |     1 |     7 |       |       ||     8
       Kick              |       |     4 |       |       ||     4
       Flail             |       |     8 |    32 |     9 ||    49
       Punch             |       |       |     2 |       ||     2
 Cast: Foxfire           |    58 |   141 |   181 |    74 ||   454
       Scorch            |     6 |    20 |    69 |    42 ||   137
       Shock             |       |       |    38 |       ||    38
       Flame Wave        |       |       |    10 |     5 ||    15
       Kindle Blastspark |       |       |     1 |       ||     1
Evoke: Wand              |       |       |    11 |       ||    11
  Use: Scroll            |       |    13 |     8 |       ||    21
       Potion            |       |       |     4 |       ||     4
Armor: Robe              |     2 |     6 |       |       ||     8
       Leather armour    |       |    16 |    80 |       ||    96
       Steam dragon scal |       |       |     2 |    39 ||    41
Dodge: Dodged            |    13 |    20 |    78 |    41 ||   152
Block: Other             |       |     5 |    26 |    15 ||    46

Table legend: (Time is in decaauts)
 A = Elapsed time spent in this place.
 B = Non-inter-level travel time spent in this place.
 C = Inter-level travel time spent in this place.
 D = Time resting spent in this place.
 E = Time spent auto-exploring this place.
 F = Levels seen in this place.
 G = Mean time per level.
                   A        B        C        D        E       F      G
               +--------+--------+--------+--------+--------+-----+--------+
         Total |  11637 |  11343 |    294 |    360 |   8980 |  12 |  969.8 |
       Dungeon |  10945 |  10671 |    274 |    360 |   8440 |  10 | 1094.5 |
        Temple |     74 |     55 |     19 |      0 |     48 |   1 |   74.0 |
       Ossuary |    617 |    617 |      0 |      0 |    492 |   1 |  617.0 |
               +--------+--------+--------+--------+--------+-----+--------+

Top non-repeatable levels by time:
     D:8: 1503 daAuts
     D:5: 1423 daAuts
     D:4: 1246 daAuts
     D:7: 1159 daAuts
     D:3: 1094 daAuts
     D:1: 1033 daAuts
     D:9: 1024 daAuts
     D:6: 899 daAuts
     D:2: 860 daAuts
    D:10: 701 daAuts
 Ossuary: 617 daAuts
  Temple: 74 daAuts
